 Dungeon Crawl Stone Soup version 0.24-a0-474-g47c397e050 (webtiles) character file.

Game seed: 9635110529967157354

71 Mithandil the Conjurer (level 4, -8/24 HPs)
             Began as a Deep Elf Conjurer on July 5, 2019.
             Mangled by a gnoll
             ... wielding a +0 halberd
              (15 damage)
             ... on level 3 of the Dungeon.
             The game lasted 00:12:13 (1568 turns).

Mithandil the Conjurer (Deep Elf Conjurer)          Turns: 1568, Time: 00:12:14

Health: -8/24      AC:  3    Str:  5    XL:     4   Next: 5%
Magic:  8/11       EV: 13    Int: 26    God:
Gold:   109        SH:  0    Dex: 15    Spells: 3/10 levels left

rFire    . . .     SeeInvis .   a - +0 dagger
rCold    . . .     Gourm    .   (no shield)
rNeg     . . .     Faith    .   h - +0 robe
rPois    .         Spirit   .   (no helmet)
rElec    .         Reflect  .   (no cloak)
rCorr    .         Harm     .   g - +0 pair of gloves
MR       .....                  (no boots)
Stlth    ++........             (no amulet)
HPRegen  0.08/turn              i - +5 ring of intelligence
MPRegen  0.12/turn              (no ring)

@: no status effects
A: no striking features
a: no special abilities


You were on level 3 of the Dungeon.
You were not hungry.

You visited 1 branch of the dungeon, and saw 3 of its levels.

You collected 109 gold pieces.

Inventory:

Hand Weapons
 a - a +0 dagger (weapon)
Missiles
 e - 28 stones (quivered)
Armour
 g - a +0 pair of gloves (worn)
 h - a +0 robe (worn)
Jewellery
 i - a +5 ring of intelligence (left hand)
Scrolls
 f - 2 scrolls of teleportation
 j - a scroll of remove curse
Potions
 b - a potion of heal wounds {unknown}
 d - a potion of cancellation {unknown}
 k - a potion of invisibility {unknown}
 l - a potion of curing {unknown}
 m - a potion of magic
 n - a potion of brilliance {unknown}
Comestibles
 c - 5 rations


   Skills:
 + Level 1.0 Short Blades
 + Level 3.2 Dodging
 + Level 3.3 Stealth
 * Level 3.7 Spellcasting
 * Level 4.9 Conjurations
 + Level 0.0 Translocations


You had 3 spell levels left.
You knew the following spells:

 Your Spells              Type           Power        Failure   Level  Hunger
a - Magic Dart            Conj           ####         1%          1    None
b - Searing Ray           Conj           ####..       1%          2    #......
c - Force Lance           Conj/Tloc      ###.....     30%         4    ####...

Your spell library contained the following spells:

 Spells                   Type           Power        Failure   Level  Hunger
 Dazzling Spray           Conj/Hex       ###...       10%         3    ##.....
 Iskenderun's Mystic Bla  Conj           ####....     12%         4    ####...
 Fulminant Prism          Conj/Hex       ###.......   32%         4    ####...


Dungeon Overview and Level Annotations

Branches:
Dungeon (3/15)

Altars:


Message History

Casting: Magic Dart (safe; 1% risk of failure)
Confirm with . or Enter, or press ? or * to list all spells.
Aiming: Magic Dart (safe; 1% risk of failure)
Press: ? - help, Shift-Dir - straight line, f/p - gnoll
Aim: a gnoll, wielding a +0 spear (heavily wounded)
The magic dart hits the gnoll.
The gnoll is severely wounded.
The gnoll hits you from afar with a +0 halberd!
The gnoll hits you from afar with a +0 spear.
* * * LOW HITPOINT WARNING * * *
Casting: Magic Dart (safe; 1% risk of failure)
Confirm with . or Enter, or press ? or * to list all spells.
Aiming: Magic Dart (safe; 1% risk of failure)
Press: ? - help, Shift-Dir - straight line, f/p - gnoll
Aim: a gnoll, wielding a +0 spear (severely wounded)
The magic dart hits the gnoll.
The gnoll is almost dead.
The gnoll hits you from afar with a +0 halberd!
Ouch! That really hurt!
You die...

.# #. #
#####. . #
##....#.#.#
##.....#....
#........#.##
#..g.........
#...g@...#
##.g....##
##...#.#
##.##.# #.# #
#.# #.# #w#


You could see a worm and 3 gnolls.

Vanquished Creatures
  An ooze (D:2)
  A worm (D:2)
  A dart slug (D:1)
  6 bats (D:1)
  15 giant cockroaches
  2 goblins
  8 hobgoblins
  3 jackals (D:1)
  6 kobolds
  2 quokkas (D:2)
  A frilled lizard (D:1)
  8 rats
54 creatures vanquished.

Notes
Turn   | Place    | Note
-------+----------+-------------------------------------------
     0 | D:1      | Mithandil the Deep Elf Conjurer began the quest for the
                  | Orb.
     0 | D:1      | Reached XP level 1. HP: 10/10 MP: 6/6
   266 | D:1      | Reached XP level 2. HP: 15/15 MP: 1/8
   674 | D:1      | Learned a level 2 spell: Searing Ray
   710 | D:1      | Reached XP level 3. HP: 19/19 MP: 5/9
  1111 | D:2      | Found a faded altar of an unknown god.
  1184 | D:2      | Reached skill level 1 in Short Blades
  1461 | D:2      | Reached XP level 4. HP: 24/24 MP: 8/11
  1467 | D:2      | Learned a level 4 spell: Force Lance
  1568 | D:3      | Mangled by a gnoll

Levels and vault maps discovered:
D:1:      lemuel_arrival_river_ford, layout_rooms, minmay_vboxes
D:2:      minmay_roachtagon, layout_basic, lemuel_round_altar,
          chequers_ecumenical_altar_island, first_ration, trog_hazing_becter
D:3:      layout_loops_ring, portal_sewer_entry_d, minmay_joined_circles

Skill      XL: |  1  2  3 |
---------------+----------+-----
Stealth        | 3 |  3.3
Dodging        | 3 |  3.2
Short Blades   | 1 |  1.0
Spellcasting   | |  3.7
Conjurations   | |  4.9

Action                   |  1- 3 |  4- 6 || total
-------------------------+-------+-------++-------
Melee: Hand axe          |     6 |       ||     6
       Dagger            |    42 |       ||    42
 Cast: Magic Dart        |    96 |    12 ||   108
  Use: Scroll            |     4 |       ||     4
  Eat: Ration            |     1 |       ||     1
Armor: Robe              |    19 |       ||    19
Dodge: Dodged            |    55 |     1 ||    56

Table legend:
 A = Non-vault XP
 B = Vault XP
 C = Vault XP percentage of total XP
 D = Non-vault monster count
 E = Vault monster count
 F = Vault count percentage of total count
                 A         B        C        D         E       F
            +---------+---------+-------+---------+---------+-------
      Total |      69 |      33 |  32.4 |      36 |      18 |  33.3
            +---------+---------+-------+---------+---------+-------
        D:1 |      43 |      11 |  20.4 |      24 |       7 |  22.6
        D:2 |      26 |      22 |  45.8 |      12 |      11 |  47.8
            +---------+---------+-------+---------+---------+-------
